 Dungeon Sprint DCSS version 0.30-a0-43-gbbf338a72c (webtiles) character file.

Game seed: 12712434962310681182

21989 Zeldest the Fighter (level 12, -46/106 HPs)
             Began as a Mummy Fighter on Sept 1, 2022.
             Was the Champion of Makhleb.
             Killed from afar by a fire giant (67 damage)
             ... with a bolt of fire
             ... in the Dungeon (Sprint IX: "|||||||||||||||||||||||||||||").
             The game lasted 00:11:02 (3769 turns).

Zeldest the Fighter (Mummy Fighter)                 Turns: 3769, Time: 00:11:02

Health: -46/106    AC: 17    Str: 25    XL:     12   Next: 59%
Magic:  21/21      EV: 13    Int:  7    God:    Makhleb [******]
Gold:   1167       SH: 11    Dex: 11    Spells: 11/11 levels left

rFire   x . .      SeeInvis .    g - +2 morningstar (protect)
rCold   + . .      Faith    .    n - +0 kite shield
rNeg    + + +      Spirit   .    c - +2 chain mail {Will+}
rPois   ∞          Reflect  .    (no helmet)
rElec   .          Harm     .    a - +0 cloak
rCorr   .          Rampage  .    h - +0 pair of gloves
Will    ++...      NoTele   +    (no boots)
Stlth   ..........               (no amulet)
HPRegen 0.27/turn                m - ring of flight
MPRegen 0.17/turn                k - +2 ring of evasion

@: flying
A: cold resistance 1, negative energy resistance 3, torment resistance 2, heat
vulnerability 1, in touch with death 1, no potions
a: Renounce Religion, Minor Destruction, Lesser Servant of Makhleb, Major
Destruction, Greater Servant of Makhleb


You were in the Dungeon.
You worshipped Makhleb.
Makhleb was exalted by your worship.
You visited 1 branch You collected 1938 gold pieces.
You spent 771 gold pieces at shops.

Inventory:

Hand Weapons
 g - a +2 morningstar of protection (weapon)
Missiles
 i - 2 throwing nets
Armour
 a - a +0 cloak (worn)
 c - a +2 chain mail of willpower (worn)
 h - a +0 pair of gloves (worn)
 n - a +0 kite shield (worn)
Jewellery
 j - a ring of protection from cold
 k - a +2 ring of evasion (right hand)
 m - a ring of flight (left hand)
 p - a ring of see invisible
Scrolls
 b - 6 scrolls of enchant armour
 d - 4 scrolls of blinking
 e - 2 scrolls of amnesia
 f - 6 scrolls of enchant weapon
 l - 2 scrolls of butterflies
 o - a scroll of vulnerability


   Skills:
 + Level 13.8 Fighting
 + Level 13.2 Maces & Flails
 + Level 11.7 Armour
 + Level 11.4 Dodging
 + Level 11.8 Shields
 + Level 12.5 Invocations


You had 11 spell levels left.
You didn't know any spells.
Your spell library was empty.

Dungeon Overview and Level Annotations

Branches:
Dungeon (1/1)

Altars:
Cheibriados
Dithmenos
Fedhas
Gozag
Hepliaklqana
Kikubaaqudgha
Makhleb
Nemelex Xobeh
Okawaru
Qazlal
Ru
Sif Muna
Trog
Uskayaw
Vehumet
Wu Jian
Xom
Yredelemnul
Jiyva
Lugonu

Shops:
D *[?*


Innate Abilities, Weirdness & Mutations

You are immune to poison.
Your flesh is cold resistant. (rC+)
You are immune to negative energy. (rN+++)
You are immune to unholy pain and torment.
You are vulnerable to heat. (rF-)
You are in touch with the powers of death.
You do not drink.


Message History

You hear a shout!
The tengu conjurer gestures wildly while chanting.
The tengu conjurer conjures a globe of magical energy!
A fire giant comes into view.
It is wielding a +2 great sword of flaming.
A battlesphere comes into view.
Aiming: Major Destruction (1% risk of failure)
Press: ? - help, Q - select action, (/) - cycle Shift-Dir - straight line, f/p - tengu conjurer
Aim: a tengu conjurer (severely wounded, lightly drained)
The bolt of negative energy misses the tengu conjurer.
The bolt of negative energy hits the battlesphere.
The battlesphere completely resists.
The bolt of negative energy hits the fire giant!!!
The fire giant is drained!
The fire giant is moderately wounded.
Aiming: Major Destruction (1% risk of failure)
Press: ? - help, Q - select action, (/) - cycle Shift-Dir - straight line, f/p - tengu conjurer
Aim: a tengu conjurer (severely wounded, lightly drained)
The bolt of fire hits the tengu conjurer!!
You kill the tengu conjurer!
Makhleb accepts your kill.
You feel better.
The battlesphere dissipates.
The bolt of fire misses the fire giant.
The fire giant points at you and mumbles some strange words.
The bolt of fire hits you!!! The fire burns you terribly!
Ouch! That really hurt!
Aiming: Major Destruction (1% risk of failure)
Press: ? - help, Q - select action, (/) - cycle Shift-Dir - straight line, f - fire giant
Aim: a fire giant, wielding a +2 great sword of flaming (moderately wounded, lightly drained)
The bolt of negative energy hits the fire giant!
The fire giant is drained!
The fire giant is heavily wounded.
Aiming: Major Destruction (1% risk of failure)
Press: ? - help, Q - select action, (/) - cycle Shift-Dir - straight line, f/p - fire giant
Aim: a fire giant, wielding a +2 great sword of flaming (heavily wounded, lightly drained)
The bolt of magma hits the fire giant!
The fire giant partially resists.
The fire giant is severely wounded.
The fire giant casts a spell at you. The bolt of fire hits you!!!
The fire burns you terribly!
Ouch! That really hurt!
You die...

,*,*,*,*,*,*,*,▓[▓.▓)▓.▓.▓.▓_▓
,*,*,*,*,*,*,*,▓[▓.▓)▓.▓.▓.▓_▓
,*,*,*,*,*,*,*,▓[▓.▓)▓.▓.▓.▓_▓
,*,*,*,*,*,*,*,▓[▓.▓)▓.▓÷▓.▓_▓
,*,*,*,*,*,*,*,▓.▓.▓)▓.▓÷▓.▓_▓
,*,*,*,*,*,*,*,▓!▓.▓)▓.▓÷▓.▓_▓
,*,*,*,*,*,*,*,▓!▓.▓.▓.▓.▓.▓_▓
+*,*,*,*,*,*+*,▓!▓.▓.▓.▓÷▓.▓_▓
,*,*,*,*+*,*,*,▓@▓.▓.▓.▓.▓.▓_▓
,*,*,*,*,*,*,*,▓†▓.▓.▓.▓.▓.▓_▓
,*,*,*,*,*,*,*,▓○▓.▓)▓.▓.▓.▓_▓
,*,*,*,*,*,*,*,▓.▓.▓[▓.▓.▓.▓_▓
,*,*,*,*,*,*,*,▓.▓.▓'▓.▓.▓.▓_▓
,*,*,*,*,*,*,*,▓C▓.▓)▓.▓'▓.▓'▓
,*,*,*,*,*,*,*,▓'▓.▓)▓.▓†▓.▓!▓
,*,*,*,*,*,*,*,▓.▓.▓)▓.▓.▓.▓.▓
,*,*,*,*,*,*,*,▓)▓.▓)▓.▓.▓.▓)▓


You could see a fire giant (drained).

Vanquished Creatures
  A sphinx (D)
  A fire giant (D)
  A frost giant (D)
  A fire dragon (D)
  Harold (D)
  An ogre mage (D)
  2 hydras (D)
  A catoblepas (D)
  A centaur warrior (D)
  Erica (D)
  2 two-headed ogres (D)
  Urug (D)
  A glowing orange brain (D)
  2 orc knights (D)
  6 orc sorcerers (D)
  An ugly thing (D)
  2 cyclopes (D)
  2 manticores (D)
  2 cane toads (D)
  An unseen horror (D)
  A tengu conjurer (D)
  An efreet (D)
  5 polar bears (D)
  A blink frog (D)
  A yak (D)
  A wyvern (D)
  2 vampire mosquitoes (D)
  10 orc warriors (D)
  5 black bears (D)
  A centaur (D)
  A bullfrog (D)
  A killer bee (D)
  A howler monkey (D)
  A jelly (D)
  4 orc priests (D)
  9 orc wizards (D)
  2 adders (D)
  9 orcs (D)
  A ball python (D)
  2 bats (D)
  A jackal (D)
  A ball python simulacrum (D)
  A rat (D)
93 creatures vanquished.

Vanquished Creatures (collateral kills)
  A death yak (D)
  An ugly thing (D)
  A cane toad (D)
  2 basilisks (D)
  2 water moccasins (D)
  2 bullfrogs (D)
9 creatures vanquished.

Vanquished Creatures (others)
  A cane toad (D)
1 creature vanquished.

Grand Total: 103 creatures vanquished

Notes
Turn   | Place    | Note
-------+----------+-------------------------------------------
     0 | D        | Zeldest the Mummy Fighter began the quest for the Orb.
     0 | D        | Reached XP level 1. HP: 18/18 MP: 1/1
   127 | D        | Noticed a jelly
   134 | D        | Reached XP level 2. HP: 23/24 MP: 2/2
   137 | D        | Reached skill level 5 in Maces & Flails
   137 | D        | Gained mutation: You are in touch with the powers of death.
                  | [Mummy growth]
   137 | D        | Reached XP level 3. HP: 21/29 MP: 3/3
   298 | D        | Found a snail-covered altar of Cheibriados.
   298 | D        | Found a shadowy altar of Dithmenos.
   298 | D        | Found a blossoming altar of Fedhas.
   298 | D        | Found an opulent altar of Gozag.
   299 | D        | Found a hazy altar of Hepliaklqana.
   300 | D        | Found a viscous altar of Jiyva.
   301 | D        | Found an ancient bone altar of Kikubaaqudgha.
   302 | D        | Found a corrupted altar of Lugonu.
   303 | D        | Found a burning altar of Makhleb.
   304 | D        | Found a sparkling altar of Nemelex Xobeh.
   305 | D        | Found an iron altar of Okawaru.
   306 | D        | Found a stormy altar of Qazlal.
   307 | D        | Found a sacrificial altar of Ru.
   308 | D        | Found a shimmering blue altar of Sif Muna.
   309 | D        | Found a bloodstained altar of Trog.
   310 | D        | Found a hide-covered altar of Uskayaw.
   311 | D        | Became a worshipper of Makhleb the Destroyer
   312 | D        | Found a radiant altar of Vehumet.
   313 | D        | Found an ornate altar of the Wu Jian Council.
   314 | D        | Found a shimmering altar of Xom.
   315 | D        | Found a basalt altar of Yredelemnul.
   366 | D        | Noticed a killer bee
   366 | D        | Noticed a wyvern
   366 | D        | Noticed a vampire mosquito
   366 | D        | Noticed a centaur
   366 | D        | Noticed a two-headed ogre
   369 | D        | Killed an unseen horror
   370 | D        | Reached skill level 5 in Fighting
   370 | D        | Reached XP level 4. HP: 28/39 MP: 3/6
   370 | D        | Reached XP level 5. HP: 32/44 MP: 3/7
   370 | D        | Reached XP level 6. HP: 37/51 MP: 3/8
   370 | D        | Killed a wyvern
   370 | D        | Reached * piety under Makhleb
   373 | D        | Killed a vampire mosquito
   374 | D        | Reached skill level 5 in Armour
   374 | D        | Reached skill level 5 in Shields
   374 | D        | Reached skill level 5 in Invocations
   374 | D        | Reached XP level 7. HP: 43/58 MP: 3/10
   376 | D        | Killed a two-headed ogre
   376 | D        | Reached ** piety under Makhleb
   377 | D        | Reached skill level 5 in Dodging
   377 | D        | Reached XP level 8. HP: 25/67 MP: 3/12
   582 | D        | Noticed a two-headed ogre
   582 | D        | Noticed a cyclops
   582 | D        | Noticed a centaur warrior
   582 | D        | Noticed a cyan ugly thing
   582 | D        | Noticed a manticore
   589 | D        | Killed a two-headed ogre
   591 | D        | Killed a cyclops
   592 | D        | Reached XP level 9. HP: 54/75 MP: 12/14
   593 | D        | Killed a centaur warrior
   593 | D        | Reached *** piety under Makhleb
   613 | D        | Killed a cyan ugly thing
   627 | D        | Killed a manticore
   628 | D        | Reached skill level 10 in Maces & Flails
   992 | D        | Noticed a death yak
   992 | D        | Noticed a cane toad
  1006 | D        | Killed a death yak
  1007 | D        | Reached skill level 10 in Fighting
  1007 | D        | Reached XP level 10. HP: 48/85 MP: 16/16
  1007 | D        | Reached **** piety under Makhleb
  1011 | D        | Killed a cane toad
  1012 | D        | Reached ***** piety under Makhleb
  1183 | D        | Noticed a cane toad
  1183 | D        | Noticed a cane toad
  1183 | D        | Noticed a cane toad
  1186 | D        | Killed a cane toad
  1186 | D        | Killed a cane toad
  1186 | D        | Noticed a catoblepas
  1187 | D        | Killed a cane toad
  1210 | D        | Killed a catoblepas
  1210 | D        | Noticed an eight-headed hydra
  1214 | D        | Killed an eight-headed hydra
  1215 | D        | Reached XP level 11. HP: 46/93 MP: 18/18
  1420 | D        | Reached ****** piety under Makhleb
  1421 | D        | Reached skill level 10 in Invocations
  1489 | D        | Noticed Erica
  1524 | D        | Killed Erica
  1684 | D        | Noticed an orc knight
  1693 | D        | Killed an orc knight
  1694 | D        | Reached skill level 10 in Shields
  1886 | D        | Noticed an orc knight
  1889 | D        | Reached skill level 10 in Armour
  1893 | D        | Killed an orc knight
  2178 | D        | Found Vudgh's Assorted Antiques.
  2178 | D        | Noticed an orc sorcerer
  2178 | D        | Noticed an orc sorcerer
  2178 | D        | Noticed an orc sorcerer
  2178 | D        | Noticed an orc sorcerer
  2179 | D        | Killed an orc sorcerer
  2180 | D        | Killed an orc sorcerer
  2181 | D        | Reached skill level 10 in Dodging
  2182 | D        | Killed an orc sorcerer
  2183 | D        | Killed an orc sorcerer
  2201 | D        | Found Tiaj's Armour Shoppe.
  2204 | D        | Found Tics's Magic Scroll Emporium.
  2254 | D        | Noticed an orc sorcerer
  2258 | D        | Killed an orc sorcerer
  2294 | D        | Noticed an orc sorcerer
  2302 | D        | Killed an orc sorcerer
  2347 | D        | Found Fogh's General Store.
  2377 | D        | Bought a scroll of blinking for 105 gold pieces
  2379 | D        | Bought 2 scrolls of blinking for 165 gold pieces
  2379 | D        | Bought a scroll of blinking for 82 gold pieces
  2379 | D        | Bought a scroll of magic mapping for 82 gold pieces
  2386 | D        | Bought an encrusted jade ring for 135 gold pieces
  2386 | D        | Bought a scroll labelled PAAL DISYQENENO for 27 gold pieces
  2386 | D        | Bought a scroll labelled VOLEQE ITEHIS for 27 gold pieces
  2386 | D        | Bought a scroll labelled SYX UGHO EPOHU for 27 gold pieces
  2392 | D        | Bought a kite shield for 121 gold pieces
  2444 | D        | Noticed Urug
  2452 | D        | Killed Urug
  2779 | D        | Noticed Harold
  2782 | D        | Killed Harold
  2897 | D        | Noticed a green ugly thing
  2897 | D        | Noticed a four-headed hydra
  2897 | D        | Noticed an ogre mage
  2902 | D        | Reached XP level 12. HP: 83/103 MP: 20/20
  2902 | D        | Killed a four-headed hydra
  2902 | D        | Killed an ogre mage
  2905 | D        | Noticed a frost giant
  2916 | D        | Noticed a fire giant
  2917 | D        | Killed a frost giant
  2923 | D        | Noticed a sphinx
  3064 | D        | Killed a fire giant
  3065 | D        | Killed a sphinx
  3395 | D        | Noticed a fire dragon
  3406 | D        | Killed a fire dragon
  3765 | D        | Noticed a fire giant
  3769 | D        | Killed from afar by a fire giant

Illustrated notes

Levels and vault maps discovered:
D:        linesprint [early_d, line_temple, items_1, d_10, items_2, lair_1,
          lair_end, items_3, orc_1, orc_end, items_4, d_15, swamp_1, shoals_1,
          snake_1, spider_1, d_20, vaults_1, items_5, swamp_end, shoals_end,
          snake_end, spider_end, vaults_end, d_27, items_6, zot_1, zot_end,
          crypt_end, forest_end, elf_end, slime_end, tomb_end, abyss_end,
          pan_hell_end]

Skill      XL: |  1  2  3  4  5  6  7  8  9 10 11 12 |
---------------+-------------------------------------+-----
Maces & Flails | 3 5 7 8 9 10 11 12 13 | 13.2
Fighting       | 5 6 7 8 10 11 12 13 | 13.8
Armour         | 4 5 6 7 8 9 10 11 | 11.7
Dodging        | 3 4 5 6 7 9 10 11 | 11.4
Shields        | 4 5 6 7 8 9 11 | 11.8
Invocations    | 3 5 6 7 8 9 11 12 | 12.5

Action                   |  1- 3 |  4- 6 |  7- 9 | 10-12 || total
-------------------------+-------+-------+-------+-------++-------
Melee: Flail             |    43 |       |       |       ||    43
       Morningstar       |     1 |     2 |    14 |    72 ||    89
Invok: Minor Destruction |       |       |     8 |     1 ||     9
       Lesser Servant of |       |       |     3 |     2 ||     5
       Major Destruction |       |       |       |    76 ||    76
Evoke: Wand              |     2 |     2 |     6 |       ||    10
  Use: Scroll            |       |       |     1 |     5 ||     6
Armor: Scale mail        |    19 |       |       |       ||    19
       Plate armour      |     2 |     3 |     3 |    28 ||    36
       Chain mail        |       |       |       |     9 ||     9
Dodge: Dodged            |    27 |     1 |    11 |    54 ||    93
Block: Buckler           |    12 |       |     7 |    25 ||    44
       Kite shield       |       |       |       |     6 ||     6

Table legend: (Time is in decaauts)
 A = Elapsed time spent in this place.
 B = Non-inter-level travel time spent in this place.
 C = Inter-level travel time spent in this place.
 D = Time resting spent in this place.
 E = Time spent auto-exploring this place.
 F = Levels seen in this place.
 G = Mean time per level.
                   A        B        C        D        E       F      G
               +--------+--------+--------+--------+--------+-----+--------+
         Total |   3791 |   3791 |      0 |   2629 |    108 |   1 | 3791.0 |
       Dungeon |   3791 |   3791 |      0 |   2629 |    108 |   1 | 3791.0 |
               +--------+--------+--------+--------+--------+-----+--------+

Top non-repeatable levels by time:
       D: 3791 daAuts
